 Dungeon Crawl Stone Soup version 0.24.0-37-gcf1ca852f1 (webtiles) character file.

Game seed: 14373588781209565892, levelgen mode: deterministic

2989 LordXaan the Fighter (level 9, 0/82 HPs)
             Began as a Minotaur Berserker on Nov 27, 2019.
             Was an Elder of Trog.
             Slain by an earth elemental (30 damage)
             ... summoned by a deep elf mage
             ... on level 7 of the Dungeon.
             The game lasted 00:23:32 (6620 turns).

LordXaan the Fighter (Minotaur Berserker)           Turns: 6620, Time: 00:23:33

Health: 0/82       AC: 12    Str: 31    XL:     9   Next: 53%
Magic:  8/8        EV:  9    Int:  4    God:    Trog [****..]
Gold:   295        SH: 10    Dex: 10    Spells: 8/8 levels left

rFire    . . .     SeeInvis .   f - +2 hand axe (chop)
rCold    . . .     Gourm    .   m - +2 shield
rNeg     . . .     Faith    .   n - +1 chain mail
rPois    +         Spirit   .   (helmet restricted)
rElec    .         Reflect  .   (no cloak)
rCorr    .         Harm     .   (no gloves)
MR       .....                  (no boots)
Stlth    ..........             (no amulet)
HPRegen  0.23/turn              c - +6 ring of strength
MPRegen  0.11/turn              o - ring of poison resistance

@: no status effects
A: retaliatory headbutt, horns 2
a: Berserk, Trog's Hand, Brothers in Arms, Renounce Religion


You were on level 7 of the Dungeon.
You worshipped Trog.
Trog was greatly pleased with you.
You were full.

You visited 1 branch of the dungeon, and saw 7 of its levels.

You collected 295 gold pieces.

Inventory:

Hand Weapons
 a - a +0 hand axe
 f - a +2 hand axe of chopping (weapon)
 j - a +0 hand axe of venom
Missiles
 t - 7 boomerangs {god gift}
 Z - a throwing net (quivered)
Armour
 b - a +0 animal skin
 m - a +2 shield (worn)
 n - a +1 chain mail (worn)
Jewellery
 c - a +6 ring of strength (left hand)
 h - a +3 amulet of reflection {unknown}
 i - an uncursed ring of wizardry
 o - a ring of poison resistance (right hand)
Wands
 A - a wand of acid (4)
Scrolls
 R - 4 scrolls of identify
 T - 3 scrolls of teleportation
 W - 9 scrolls of remove curse
Potions
 d - a potion of haste {unknown}
 e - a potion of might {unknown}
 g - 3 potions of curing {unknown}
 k - 2 potions of agility
 l - a potion of lignification {unknown}
 q - a potion of heal wounds {unknown}
Comestibles
 z - 5 rations


   Skills:
 + Level 8.8 Fighting
 + Level 8.8 Axes
 + Level 8.3 Armour
 + Level 7.5 Dodging


You had 8 spell levels left.
You didn't know any spells.
Your spell library was empty.

Dungeon Overview and Level Annotations

Branches:
Dungeon (7/15)             Temple (0/1) D:6

Altars:
Ashenzari
Gozag
Hepliaklqana
Qazlal
Ru
Sif Muna
Trog
Wu Jian
Xom
Yredelemnul

Annotations:
D:1 1 exclusion


Innate Abilities, Weirdness & Mutations

You reflexively headbutt those who attack you in melee.
You have a pair of horns on your head.


Message History

The deep elf mage is severely wounded.
You block the deep elf mage's attack.
Your shield and chain mail prevent you from hitting the deep elf mage.
You headbutt the deep elf mage.
The deep elf mage is severely wounded.
The deep elf mage casts a spell.
You closely miss the deep elf mage.
The deep elf mage is severely wounded.
You hit the earth elemental.
The deep elf mage hits you but does no damage.
You barely miss the deep elf mage. Your headbutt misses the deep elf mage.
The deep elf mage is severely wounded.
You hit the earth elemental but do no damage.
The deep elf mage mumbles some strange words.
You block the earth elemental's attack.
Your shield and chain mail prevent you from hitting the deep elf mage.
The deep elf mage is severely wounded.
You hit the earth elemental. You slash the earth elemental!
The deep elf mage mumbles some strange words.
The deep elf mage blinks!
You completely miss the earth elemental.
The earth elemental is moderately damaged.
You hit the earth elemental but do no damage.
You block the earth elemental's attack. The earth elemental hits you!
You hit the earth elemental. You headbutt the earth elemental!!
The earth elemental is almost destroyed.
You hit the earth elemental but do no damage.
Your shield prevents you from hitting the earth elemental.
You hit the earth elemental.
The earth elemental is almost destroyed.
You hit the earth elemental but do no damage. x2
The earth elemental hits you!!
You block the earth elemental's attack. x2
You hit the earth elemental but do no damage.
You headbutt the earth elemental, but do no damage.
The earth elemental is almost destroyed.
You hit the earth elemental.
You hit the earth elemental but do no damage.
The earth elemental hits you. You block the earth elemental's attack.
You hit the earth elemental but do no damage.
The earth elemental is almost destroyed.
You hit the earth elemental. x2; The earth elemental closely misses you.
You furiously retaliate!
You headbutt the earth elemental!!
The deep elf mage gestures wildly while chanting.
The deep elf mage blinks!
You hit the earth elemental but do no damage.
You headbutt the earth elemental, but do no damage.
The earth elemental is almost destroyed.
You barely miss the deep elf mage. You hit the earth elemental. x2
The earth elemental hits you! The earth elemental hits you!!
You die...

≈..≈≈..≈..###.#...
########...#.###..
##..### ##. ##..# ##..
## ##### ##.###... #.
##.§≈.## #.)#.#.#
##.##≈....≈## ##)#.#.#
## #..#EE#.?#..# #)#.#.#
..#.$#.@#>⌠#$.# #.#....
#.##.#e§E§..≈## ##.#....
#..#..##.≈≈.##..#..#.#..
#..#..######..##.##....
#.≈##........##≈.###...
##..#†.8..8.##..##.....
#...########......#...
##..≈..≈≈..≈.:######..
#.≈..≈..≈..≈.#.# ##.


You could see 3 earth elementals and a deep elf mage.

Vanquished Creatures
  The ghost of Valentain the Stinger, a novice OpVM (D:5)
  A hungry ghost (D:7)
  3 sky beasts
  Duvessa (D:4)
  An ice beast (D:7)
  A necrophage (D:6)
  2 ogres (D:7)
  3 centaurs (D:5)
  Dowan (D:4)
  A water moccasin skeleton (D:3)
  6 scorpions
  A wight (D:5)
  A howler monkey (D:6)
  3 crimson imps
  A jelly (D:3)
  A centaur skeleton (D:6)
  4 orc priests
  3 hounds
  10 orc wizards
  2 bullfrog skeletons
  2 iguanas
  A gnoll shaman (D:7)
  3 worker ants
  A hound skeleton (D:5)
  A howler monkey zombie (D:6)
  2 worker ant zombies
  9 gnolls
  8 adders
  A river rat (D:3)
  A shadow imp (D:7)
  2 oozes
  An adder skeleton (D:5)
  An adder zombie (D:5)
  3 dart slugs
  2 leopard geckos
  27 orcs
  8 bats
  3 giant cockroaches
  A goblin (D:3)
  5 hobgoblins
  5 quokkas
  A ball python (D:3)
  A ball python zombie (D:6)
  4 frilled lizards
  A jackal zombie (D:5)
  4 kobolds
  A leopard gecko zombie (D:7)
  A quokka skeleton (D:5)
  6 rats
153 creatures vanquished.

Notes
Turn   | Place    | Note
-------+----------+-------------------------------------------
     0 | D:1      | LordXaan the Minotaur Berserker began the quest for the
                  | Orb.
     0 | D:1      | Reached XP level 1. HP: 19/19 MP: 0/0
   240 | D:1      | Reached XP level 2. HP: 24/27 MP: 1/1
  1017 | D:2      | Reached skill level 3 in Armour
  1017 | D:2      | Reached XP level 3. HP: 26/33 MP: 2/2
  1058 | D:2      | Reached ** piety under Trog
  1128 | D:2      | Found an ornate altar of the Wu Jian Council.
  1398 | D:2      | Reached skill level 3 in Dodging
  1528 | D:2      | Found a shattered altar of Ashenzari.
  2048 | D:3      | Found a hazy altar of Hepliaklqana.
  2063 | D:3      | Reached XP level 4. HP: 41/41 MP: 3/3
  2123 | D:3      | Found a stormy altar of Qazlal.
  2221 | D:3      | Reached XP level 5. HP: 36/47 MP: 4/4
  2231 | D:3      | Found a glowing drain.
  2458 | D:3      | Found an opulent altar of Gozag.
  2584 | D:3      | Reached XP level 6. HP: 56/56 MP: 5/5
  2930 | D:4      | Noticed Duvessa
  2930 | D:4      | Noticed Dowan
  2941 | D:4      | Killed Duvessa
  2961 | D:4      | Killed Dowan
  3201 | D:4      | Reached XP level 7. HP: 62/62 MP: 6/6
  3526 | D:5      | Entered Level 5 of the Dungeon
  3538 | D:5      | Found a transporter.
  3539 | D:5      | Noticed Valentain's ghost (novice OpVM)
  3550 | D:5      | Found a transporter.
  3563 | D:5      | Reached *** piety under Trog
  3576 | D:5      | Reached skill level 6 in Fighting
  3579 | D:5      | Killed Valentain's ghost
  3579 | D:5      | Reached skill level 6 in Axes
  4103 | D:5      | Reached skill level 6 in Armour
  4103 | D:5      | Reached XP level 8. HP: 71/71 MP: 7/7
  4174 | D:5      | Found a basalt altar of Yredelemnul.
  4329 | D:5      | Found a shimmering blue altar of Sif Muna.
  4523 | D:6      | Reached skill level 6 in Dodging
  4578 | D:6      | Found an opulent altar of Gozag.
  4798 | D:6      | Reached **** piety under Trog
  5249 | D:6      | Found a sacrificial altar of Ru.
  5357 | D:6      | Found a staircase to the Ecumenical Temple.
  5479 | D:6      | Reached XP level 9. HP: 81/81 MP: 8/8
  5524 | D:6      | Found a bloodstained altar of Trog.
  6336 | D:7      | Found a shimmering altar of Xom.
  6553 | D:7      | Received a gift from Trog
  6603 | D:7      | Noticed a deep elf mage
  6620 | D:7      | Slain by an earth elemental

Levels and vault maps discovered:
D:1:      lordsloth_arrival_two_stooges, layout_basic
D:2:      layout_loops_ring, lemuel_coloured_pillars_altar, lemuel_round_altar,
          first_ration, minmay_misc_feat_tower
D:3:      layout_loops_cross, nicolae_overflow_crystal_walls, marbit_many_paths,
          cheibrodos_sewer_entry_sluice,
          nicolae_gozag_cash_rules_everything_around_me
D:4:      layout_gridville, uniq_duvessa
D:5:      layout_cave_pods, kennysheep_little_box, kennysheep_mini,
          gammafunk_ghost_mausoleum
D:6:      layout_layer_cave, lemuel_doored_altar, old_standard_altar,
          lemuel_crystal_altar, minmay_temple_entry_enclosed_plants
D:7:      layout_loops_ring, kennysheep_mini_moat, old_standard_altar,
          xom_teletrap_fun, ebering_ghost_disaster_area, nzn_random_ring

Skill      XL: |  1  2  3  4  5  6  7  8  9 |
---------------+----------------------------+-----
Fighting       | 4 5 6 8 |  8.8
Axes           | 4 5 6 7 8 |  8.8
Armour         | 3 4 5 6 7 8 |  8.3
Dodging        | 3 4 5 6 7 |  7.5

Action                   |  1- 3 |  4- 6 |  7- 9 || total
-------------------------+-------+-------+-------++-------
Melee: Hand axe          |    61 |    86 |   312 ||   459
       Headbutt          |    11 |    24 |    65 ||   100
  Use: Scroll            |     4 |       |     4 ||     8
 Stab: Sleeping          |     1 |       |       ||     1
  Eat: Chunk             |     2 |     2 |     2 ||     6
       Ration            |     1 |       |     5 ||     6
Armor: Animal skin       |    13 |       |       ||    13
       Chain mail        |     2 |    39 |   105 ||   146
Dodge: Dodged            |    29 |    24 |    64 ||   117
Block: Shield            |     1 |    36 |   150 ||   187
